Map: [ESL] Solaris

Players

Stats

  • Race: Protoss Protoss
  • Spawn Location: 1:00

Cure - Winner!

  • Race: Terran Terran
  • Spawn Location: 7:00

Event: IEM Katowice 2024

VOD

Have the link to the VOD?

Description

Time

  • Played on: Feb. 10, 2024, 6:51 a.m.
  • Length: 8:10

All games in this series

Show
View Real Time Build Order
Export as new Build Order

Stats Protoss 

Build Orders: 1 Gate Expand, Blink Stalkers 

Get SALT Encoding   

  12  0:00  Probe  
  13  0:12  Probe  
  14  0:17  Pylon  
  14  0:24  Probe (Chrono Boost)  
  15  0:36  Probe (Chrono Boost)  
  15  0:37  Gateway  
  16  0:45  Probe (Chrono Boost)  
  16  0:46  Assimilator  
  17  0:50  Probe  
  18  1:03  Probe  
  19  1:16  Probe  
  20  1:24  Cybernetics Core  
  20  1:36  Nexus  
  20  1:42  Pylon  
  20  1:46  Probe  
  21  1:52  Assimilator  
  21  1:58  Probe  
  21  2:00  Stalker (Chrono Boost)  
  22  2:06  Warp Gate  
  24  2:10  Probe (Chrono Boost)  
  25  2:19  Probe (Chrono Boost)  
  26  2:23  Stalker  
  26  2:24  Probe (Chrono Boost)  
  28  2:36  Probe  
  29  2:42  Twilight Council  
  29  2:48  Probe (Chrono Boost)  
  31  2:54  Probe (Chrono Boost)  
  31  2:57  Gateway  
  31  2:58  Probe (Chrono Boost)  
  32  3:02  Probe (Chrono Boost)  
  32  3:04  Stalker  
  32  3:05  Probe  
  36  3:13  Robotics Facility  
  36  3:17  Probe  
  36  3:18  Probe  
  38  3:26  Gateway  
  38  3:29  Shield Battery  
  38  3:31  Probe  
  38  3:34  Blink (Chrono Boost), Probe  
  40  3:43  Pylon  
  40  3:47  Probe  
  40  3:48  Probe  
  42  3:53  Gateway  
  42  3:59  Stalker  
  44  4:02  Stalker  
  44  4:07  Probe x2  
  44  4:08  Observer  
  49  4:11  Pylon  
  49  4:16  Pylon  
  49  4:26  Warp Prism (Chrono Boost)  
  51  4:33  Stalker x2  
  51  4:36  Stalker  
  57  4:39  Pylon  
  57  4:42  Assimilator  
  57  4:46  Shield Battery  
  57  4:50  Stalker  
  59  4:54  Probe x2  
  61  5:00  Zealot, Stalker  
  65  5:17  Stalker x2  
  65  5:19  Probe x2  
  69  5:31  Stalker x2  
  63  5:45  Observer  
  63  5:47  Probe x2  
  53  5:56  Stalker  
  53  5:57  Stalker  
  54  5:59  Probe x2  
  54  6:01  Stalker  
  58  6:08  Stalker  
  60  6:11  Probe x2  
  60  6:14  Shield Battery  
  62  6:30  Stalker  
  63  6:37  Stalker x3  
  63  6:38  Probe  
  63  6:39  Probe  
  68  6:55  Stalker  
  66  7:05  Stalker x3  
  66  7:08  Probe x2  
  59  7:18  Adept  
  59  7:20  Probe x2  
  63  7:25  Stalker x2  
  63  7:28  Stalker  
  57  7:45  Stalker x3  
  57  7:48  Shield Battery  
  57  7:50  Probe x2  
Show
View Real Time Build Order
Export as new Build Order

Cure Terran - Winner!

Build Orders:  

Get SALT Encoding   

  12  0:00  SCV  
  13  0:12  SCV  
  14  0:17  Supply Depot  
  14  0:24  SCV  
  14  0:27  Refinery  
  15  0:38  SCV  
  16  0:44  Barracks  
  16  0:50  SCV  
  17  1:03  SCV  
  18  1:05  Engineering Bay  
  18  1:15  SCV  
  19  1:32  Orbital Command, Marine  
  19  1:36  Factory  
  20  1:44  Supply Depot  
  20  1:50  Barracks Reactor  
  20  1:58  SCV  
  21  2:10  SCV  
  21  2:15  Command Center  
  22  2:21  Hellion  
  24  2:27  Marine x2  
  24  2:28  SCV  
  27  2:36  Starport  
  27  2:41  Supply Depot  
  27  2:45  SCV  
  27  2:50  Marine x2  
  30  2:53  Refinery  
  30  2:57  SCV  
  31  3:09  SCV  
  31  3:12  Medivac  
  34  3:13  Marine x2  
  34  3:18  Cyclone  
  38  3:21  SCV  
  39  3:28  Orbital Command  
  40  3:34  SCV  
  40  3:36  Marine x2  
  40  3:41  Bunker  
  42  3:46  Starport Tech Lab  
  42  3:49  SCV  
  42  3:51  Factory Tech Lab  
  42  3:55  Marine x2  
  43  3:57  SCV  
  43  4:00  Supply Depot  
  43  4:01  SCV  
  47  4:05  Raven  
  47  4:09  SCV  
  50  4:13  SCV  
  51  4:19  Siege Tank  
  51  4:21  Marine x2  
  51  4:24  SCV  
  57  4:25  Supply Depot, SCV  
  58  4:36  SCV  
  58  4:37  Barracks  
  59  4:39  Barracks  
  59  4:41  Marine x2  
  61  4:49  Supply Depot, SCV  
  61  4:50  SCV  
  61  4:51  Siege Tank  
  66  4:54  Refinery  
  66  4:59  Engineering Bay  
  66  5:01  SCV  
  66  5:02  SCV  
  66  5:03  Marine x2  
  70  5:13  SCV  
  71  5:14  SCV  
  72  5:24  Marine  
  72  5:25  SCV, Marine  
  72  5:26  SCV  
  73  5:29  Marine  
  74  5:37  SCV, Marauder  
  74  5:38  SCV  
  74  5:42  Marine x2  
  69  5:49  SCV, Marine  
  64  5:50  SCV  
  64  5:52  Factory Tech Lab  
  64  5:53  Stimpack  
  64  5:54  Medivac  
  65  5:59  Marauder  
  65  6:00  Marine x2  
  65  6:01  SCV  
  65  6:02  Terran Infantry Weapons Level 1, SCV  
  71  6:14  SCV x2  
  71  6:16  Refinery  
  73  6:18  Marine  
  73  6:19  Marine x2  
  73  6:20  Marine  
  73  6:24  Siege Tank  
  77  6:26  SCV  
  77  6:31  Supply Depot  
  78  6:33  Supply Depot  
  78  6:35  SCV  
  78  6:37  Marine  
  78  6:44  Missile Turret  
  78  6:48  SCV  
  78  6:49  SCV, Marine  
  78  6:50  Marine  
  75  6:56  Siege Tank, Marine x2  
  75  7:00  SCV  
  75  7:01  SCV  
  75  7:07  Marine  
  71  7:12  SCV  
  71  7:13  SCV  
  73  7:16  Marine x3  
  73  7:17  Medivac  
  78  7:24  Marine, SCV  
  78  7:25  SCV  
  78  7:28  Siege Tank  
  84  7:34  Marine x3  
  82  7:42  Marine  
  82  7:43  SCV x2  
  83  7:51  Marine  
  83  7:55  SCV x2  

Tags
 
Add a new tag
Caveats
  • Supply blocks, unpowered buildings, or Contaminate may cause inaccurate times.
  • Supply counts are checked every 10 seconds.